 Dungeon Crawl Stone Soup version 0.31-a0-728-g01b46875f1 (webtiles) character file.

Game seed: 11736275051657388284

20 Shayle the Changeling (level 2, -3/28 HPs)
             Began as an Ogre Shapeshifter on Sept 11, 2023.
             Killed by nerve-wracking pain
             ... invoked by Jessica
              (11 damage)
             ... on level 2 of the Dungeon.
             The game lasted 00:01:52 (606 turns).

Shayle the Changeling (Ogre Shapeshifter)            Turns: 606, Time: 00:01:53

Health: -3/28      AC:  3    Str: 17    XL:     2   Next: 79%
Magic:  3/3        EV:  9    Int: 11    God:
Gold:   77         SH:  0    Dex:  8    Spells: 3/3 levels left

rFire   . .          .
                       - Unarmed
rCold   . . .        (no shield)
rNeg    . . .        a - +0 animal skin
rPois   .            (helmet currently unavailable)
rElec   .            (cloak currently unavailable)
rCorr   .            (gloves unavailable)
SInv    .            (boots unavailable)
Will    .....        (no amulet)
Stlth   +            (no ring)
HPRegen 0.24/turn    (no ring)
MPRegen 0.08/turn

%: no passive effects
@: beast-form
A: beast (slay +1), large, unfitting armour, tough skin 1
a: Begin Untransformation


You were on level 2 of the Dungeon.
You were a hulking beast.
You visited 1 branch of the dungeon, and saw 2 of its levels.

You collected 77 gold pieces.

Inventory:

Armour
 a - a +0 animal skin (worn)
Talismans
 c - a beast talisman (active)
 d - a flux talisman
 n - a blade talisman
Scrolls
 f - a scroll of torment {unknown}
 g - a scroll of teleportation {unknown}
 h - a scroll of amnesia {unknown}
 i - a scroll of poison {unknown}
 j - a scroll of identify {unknown}
 k - a scroll of noise {unknown}
 m - a scroll of fog {unknown}
Potions
 b - a potion of lignification
 e - a potion of berserk rage {unknown}
 l - a potion of curing {unknown}


   Skills:
 + Level 2.1 Fighting
 - Level 1.7 Dodging
 + Level 2.9 Unarmed Combat
 + Level 1.0 Spellcasting
 + Level 3.2 Shapeshifting


You had 3 spell levels left.
You didn't know any spells.
Your spell library contained the following spells:

 Spells                   Type           Power      Damage    Failure   Level
 Sublimation of Blood     Necr           0%         N/A       43%         2
 Wereblood                Tmut           0%         N/A       43%         2
 Tukima's Dance           Hex            0%         N/A       67%         3
 Passage of Golubria      Tloc           0%         N/A       97%         4
 Yara's Violent Unravell  Hex/Tmut       0%         3d3       100%        5
 Summon Hydra             Summ           0%         N/A       100%        7


Dungeon Overview and Level Annotations

Branches:
Dungeon (2/15)

Altars:

Annotations:
D:2 Jessica


Innate Abilities, Weirdness & Mutations

You are a hulking beast.
Your limbs bulge with bestial killing power. (Slay +1)
You are too large for most types of armour.
You have tough skin. (AC +1)


Message History

Found a blade talisman.
You see here a blade talisman.
n - a blade talisman
Found a robe.
A goblin comes into view. It is wielding a +0 club.
The goblin shouts!
The goblin hits you with a +0 club.
You miss the goblin. You hit the goblin.
You kill the goblin!
Things that are here:
a +0 club; a goblin corpse HP restored.
Jessica the Apprentice Sorceress comes into view.
She is wielding a +2 dagger of electrocution and wearing a +1 robe of positive energy.
Unknown command.
Jessica shouts!
You barely miss Jessica.
Jessica hits you with a +2 dagger of electrocution.
You barely miss Jessica.
Jessica shouts, "I don't like beings like you!"
Jessica barely misses you.
You hit Jessica.
Jessica is lightly wounded.
Jessica hits you with a +2 dagger of electrocution.
You barely miss Jessica.
Jessica is lightly wounded.
Jessica casts a spell at you.
You barely resist. You hit Jessica.
Jessica is moderately wounded.
Jessica hits you with a +2 dagger of electrocution!
You barely miss Jessica.
Jessica is moderately wounded.
Jessica hits you with a +2 dagger of electrocution.
* * * LOW HITPOINT WARNING * * *
You hit Jessica.
Jessica is heavily wounded.
Jessica points at you and mumbles some strange words.
Pain shoots through your body!
You die...

#.#####)........
#...........######
#.#..............#
#......####......#
#......# #......#
##.....# #......#
#..###. ####...#
##. # #...# #.
#h..# #@.......
.....#### ......#
.......# .....##.#
##..### .# ##. .#


You could see Jessica.

Vanquished Creatures
  2 ball pythons (D:1)
  4 endoplasms (D:1)
  A giant cockroach (D:1)
  3 goblins
  3 hobgoblins (D:1)
  A bat (D:1)
  A kobold (D:1)
  A rat (D:1)
16 creatures vanquished.

Notes
Turn   | Place    | Note
-------+----------+-------------------------------------------
     0 | D:1      | Shayle the Ogre Shapeshifter began the quest for the Orb.
     0 | D:1      | Reached XP level 1. HP: 19/19 MP: 1/1
   102 | D:1      | Reached XP level 2. HP: 24/28 MP: 2/2
   420 | D:1      | Reached skill level 1 in Spellcasting
   463 | D:1      | Found a faded altar of an unknown god.
   596 | D:2      | Noticed Jessica
   606 | D:2      | Killed from afar by Jessica

Illustrated notes

Levels and vault maps discovered:
D:1:      mainiacjoe_arrival_reflecting_pool, layout_basic,
          shapermc_ecumenical_altar_mp_highgroup
D:2:      layout_basic, minivault_24, uniq_jessica, uniq_terence

Skill      XL: |  1  2 |
---------------+-------+-----
Fighting       | 2 |  2.1
Spellcasting   | 1 |  1.0
Dodging        | |  1.7
Unarmed Combat | |  2.9
Shapeshifting  | |  3.2

Action                     || total
---------------------------++-------
  Melee: Unarmed           ||    60
         Punch             ||     2
 Armour: Animal skin       ||    35
  Dodge: Dodged            ||    25

Table legend: (Time is in decaauts)
 A = Elapsed time spent in this place.
 B = Non-inter-level travel time spent in this place.
 C = Inter-level travel time spent in this place.
 D = Time resting spent in this place.
 E = Time spent auto-exploring this place.
 F = Levels seen in this place.
 G = Mean time per level.
                   A        B        C        D        E       F      G
               +--------+--------+--------+--------+--------+-----+--------+
         Total |    602 |    566 |     36 |      0 |    388 |   2 |  301.0 |
       Dungeon |    602 |    566 |     36 |      0 |    388 |   2 |  301.0 |
               +--------+--------+--------+--------+--------+-----+--------+

Top non-repeatable levels by time:
     D:1: 542 daAuts
     D:2: 60 daAuts
